 Dungeon Crawl Stone Soup version 0.28-a0-425-gd0eccab798 (webtiles) character file.

Game seed: 15957853690085484735

126 frimble the Grasshopper (level 5, -5/35 HPs)
             Began as an Octopode Warper on Sept 10, 2021.
             Slain by a kobold brigand (9 damage)
             ... on level 4 of the Dungeon.
             The game lasted 00:04:09 (3026 turns).

frimble the Grasshopper (Octopode Warper)           Turns: 3026, Time: 00:04:10

Health: -5/35      AC:  1    Str:  8 (10) XL:     5   Next: 10%
Magic:  7/9        EV: 13    Int: 14 (17) God:
Gold:   80         SH:  0    Dex:  9 (11) Spells: 6/9 levels left

rFire   . . .      SeeInvis .   a - +1 short sword
rCold   . . .      Faith    .   (no shield)
rNeg    . . .      Spirit   .   (helmet restricted)
rPois   .          Reflect  .   (no amulet)
rElec   .          Harm     .   (no ring)
rCorr   .          Rampage  .   (no ring)
Will    .....                   (no ring)
Stlth   ++........              (no ring)
HPRegen 0.11/turn               (no ring)
MPRegen 0.11/turn               (no ring)
                                (no ring)
                                (no ring)

@: mighty, lethally poisoned (-5 -> -7), attractive, hasted, very quick
A: almost no armour, amphibious, 8 rings, camouflage 1, gelatinous body 1,
(nimble swimmer 1), tentacles
a: no special abilities


You were on level 4 of the Dungeon.
You visited 1 branch of the dungeon, and saw 4 of its levels.

You collected 80 gold pieces.

Inventory:

Hand Weapons
 a - a +1 short sword (weapon)
Missiles
 c - 5 boomerangs of dispersal (quivered)
Scrolls
 b - a scroll of identify {unknown}
 d - 2 scrolls of teleportation
 i - a scroll of enchant weapon
Potions
 e - a potion of might
 j - a potion of resistance {unknown}


   Skills:
 + Level 2.7 Fighting
 + Level 2.8 Short Blades
 - Level 1.3 Throwing
 - Level 2.5 Dodging
 + Level 2.6 Spellcasting
 - Level 3.2 Translocations
 + Level 1.4 Transmutations
 + Level 1.7 Poison Magic


You had 6 spell levels left.
You knew the following spells:

 Your Spells              Type           Power      Damage    Failure   Level
a - Sting                 Tmut/Pois      24%        1d4       12%         1
b - Blink                 Tloc           N/A        N/A       9%          2

Your spell library contained the following spells:

 Spells                   Type           Power      Damage    Failure   Level
 Gell's Gravitas          Tloc           5%         N/A       19%         3
 Lesser Beckoning         Tloc           10%        N/A       19%         3
 Teleport Other           Tloc           10%        N/A       19%         3
 Poisonous Vapours        Pois/Air       8%         N/A       24%         2
 Olgreb's Toxic Radiance  Pois           6%         N/A       73%         4
 Manifold Assault         Tloc           10%        N/A       86%         5


Dungeon Overview and Level Annotations

Branches:
Dungeon (4/15)
 Temple: D:4-7

Altars:
Vehumet


Innate Abilities, Weirdness & Mutations

You cannot wear most types of armour.
You are amphibious.
You can wear up to eight rings at the same time.
Your skin changes colour to match your surroundings (Stealth+).
Your rubbery body absorbs attacks. (AC +1, EV +1)
((You are camouflaged near water. (Stealth+)))
You have tentacles for arms and can constrict up to eight enemies at once.


Message History

The kobold brigand hits you with a +2 short sword of venom!
You are more poisoned.
You feel very sick.
It was a potion of might.
You feel very mighty all of a sudden.
You feel very sick. The kobold brigand barely misses you.
You feel sick.
The kobold brigand throws a poisoned dart.
The poisoned dart barely misses you.
It was a potion of haste.
You feel yourself speed up.
You feel sick.
You feel sick.
Your magical contamination has completely faded away.
You feel sick.
The kobold brigand throws a poisoned dart.
The poisoned dart hits you!
You are more poisoned.
It was a potion of attraction.
You feel attractive to monsters.
* * * LOW HITPOINT WARNING * * *
You feel sick.
The kobold brigand is attracted toward you.
The goblin is attracted toward you. x2
You feel sick. The goblin is attracted toward you.
You feel sick.
The kobold brigand throws a poisoned dart.
The poisoned dart misses you.
The kobold brigand is attracted toward you.
The goblin is attracted toward you. x2
You feel sick.
The kobold brigand is attracted toward you.
The goblin is attracted toward you. x2
You feel sick. The goblin is attracted toward you.
You feel sick. The goblin is attracted toward you. x2
It was a potion of degeneration.
There was something very wrong with that liquid.
You feel weakened.
You feel dopey.
You feel clumsy.
You feel sick.
The kobold brigand hits you with a +2 short sword of venom!
You die...

. # ############.... .#
........<....... ..
####...###########.#
......g§§gg§§ggK@..#
######.###########....#
....)g)# ...# ########
..# # .# # # ##########
.......... ..........


You could see a kobold brigand and 2 goblins.

Vanquished Creatures
  An orc wizard (D:3)
  A hound skeleton (D:2)
  3 gnolls
  An adder (D:2)
  A dart slug (D:2)
  4 bats (D:1)
  5 endoplasms
  A giant cockroach (D:2)
  5 goblins (D:4)
  2 hobgoblins
  2 jackals (D:2)
  5 quokkas
  4 ball pythons
  2 frilled lizards
  7 kobolds
  A quokka skeleton (D:4)
  3 rats
48 creatures vanquished.

Notes
Turn   | Place    | Note
-------+----------+-------------------------------------------
     0 | D:1      | frimble the Octopode Warper began the quest for the Orb.
     0 | D:1      | Reached XP level 1. HP: 14/14 MP: 3/3
   363 | D:1      | Reached XP level 2. HP: 16/19 MP: 5/5
   467 | D:1      | Found a faded altar of an unknown god.
  1110 | D:1      | Learned a level 1 spell: Sting
  1419 | D:2      | Reached XP level 3. HP: 24/24 MP: 6/6
  1489 | D:1      | HP: 1/24 [gnoll (11)]
  1530 | D:1      | HP: 1/24 [gnoll (3)]
  1983 | D:2      | Reached skill level 1 in Poison Magic
  1983 | D:2      | Reached XP level 4. HP: 30/30 MP: 5/7
  2108 | D:2      | Reached skill level 1 in Transmutations
  2664 | D:3      | Found a radiant altar of Vehumet.
  2908 | D:4      | Learned a level 2 spell: Blink
  2928 | D:4      | Reached XP level 5. HP: 31/35 MP: 8/8
  2980 | D:4      | Noticed a kobold brigand
  3026 | D:4      | Slain by a kobold brigand

Illustrated notes

Levels and vault maps discovered:
D:1:      zaba_arrival_water, layout_basic, shapermc_ecumenical_altar_ellora,
          chequers_serial_rivers_micro_b
D:2:      layout_basic
D:3:      minmay_recursive_quarters, layout_basic, vehumet_altar_wand_db
D:4:      layout_basic, uniq_robin

Skill      XL: |  1  2  3  4 |
---------------+-------------+-----
Poison Magic   | 1 |  1.7
Transmutations | 1 |  1.4
Fighting       | |  2.7
Short Blades   | |  2.8
Throwing       | |  1.3
Dodging        | |  2.5
Spellcasting   | |  2.6
Translocations | |  3.2

Action                   |  1- 3 |  4- 6 || total
-------------------------+-------+-------++-------
Melee: Short sword       |    62 |    37 ||    99
       Constrict         |    12 |     9 ||    21
       Tentacles         |    12 |     8 ||    20
 Cast: Sting             |     1 |     8 ||     9
  Use: Scroll            |     2 |     2 ||     4
       Potion            |       |     4 ||     4
 Stab: Sleeping          |     8 |     3 ||    11
Armor: Skin              |     5 |     1 ||     6
Dodge: Dodged            |    34 |    23 ||    57

Table legend: (Time is in decaauts)
 A = Elapsed time spent in this place.
 B = Non-inter-level travel time spent in this place.
 C = Inter-level travel time spent in this place.
 D = Time resting spent in this place.
 E = Time spent auto-exploring this place.
 F = Levels seen in this place.
 G = Mean time per level.
                   A        B        C        D        E       F      G
               +--------+--------+--------+--------+--------+-----+--------+
         Total |   3022 |   2964 |     58 |    405 |   1919 |   4 |  755.5 |
       Dungeon |   3022 |   2964 |     58 |    405 |   1919 |   4 |  755.5 |
               +--------+--------+--------+--------+--------+-----+--------+

Top non-repeatable levels by time:
     D:1: 1836 daAuts
     D:2: 821 daAuts
     D:4: 352 daAuts
     D:3: 11 daAuts
